 Dungeon Crawl Stone Soup version 0.27-a0-1196-g3e9cee4cb2 (webtiles) character file.

Game seed: 12910630799952832270

93 cganya the Slasher (level 4, -2/38 HPs)
             Began as a Demigod Fighter on May 29, 2021.
             Slain by Robin
             ... wielding a +2 whip of freezing
              (5 damage)
             ... on level 3 of the Dungeon.
             The game lasted 00:08:57 (2933 turns).

cganya the Slasher (Demigod Fighter)                Turns: 2933, Time: 00:08:57

Health: -2/38      AC:  5    Str: 21    XL:     4   Next: 14%
Magic:  15/15      EV:  8    Int: 10    God:
Gold:   86         SH:  9    Dex: 13    Spells: 3/3 levels left

rFire    . . .     SeeInvis .   a - +0 long sword
rCold    . . .     Faith    .   c - +0 kite shield
rNeg     . . .     Spirit   .   f - +0 ring mail
rPois    .         Reflect  .   (no helmet)
rElec    .         Harm     .   (no cloak)
rCorr    .         Rampage  .   (no gloves)
Will     .....                  (no boots)
Stlth    +.........             (no amulet)
HPRegen  0.12/turn              r - ring of magical power
MPRegen  0.14/turn              (no ring)

@: mighty
A: high mp 1, forlorn
a: no special abilities


You were on level 3 of the Dungeon.
You visited 1 branch of the dungeon, and saw 3 of its levels.

You collected 86 gold pieces.

Inventory:

Hand Weapons
 a - a +0 long sword (weapon)
 m - a +0 short sword of venom
Missiles
 i - 60 stones (quivered)
Armour
 b - a +0 scale mail
 c - a +0 kite shield (worn)
 f - a +0 ring mail (worn)
Jewellery
 r - a ring of magical power (left hand)
Wands
 o - a wand of iceblast (7)
Scrolls
 g - 2 scrolls of enchant armour {unknown}
 j - 3 scrolls of identify {unknown}
Potions
 e - a potion of curing {unknown}
 h - a potion of heal wounds {unknown}
 k - a potion of flight {unknown}
 p - a potion of brilliance {unknown}
 s - a potion of invisibility {unknown}


   Skills:
 - Level 3.0 Fighting
 + Level 3.6 Long Blades
 - Level 3.0 Armour
 - Level 3.0 Shields


You had 3 spell levels left.
You didn't know any spells.
Your spell library was empty.

Dungeon Overview and Level Annotations

Branches:
Dungeon (3/15)

Shops:
D:2 =

Annotations:
D:3 Robin


Innate Abilities, Weirdness & Mutations

Your attributes grow dramatically as you level up.
You have an increased reservoir of magic. (+10% MP)
You shall have no god before yourself.


Message History

The goblin hits you but does no damage.
A goblin comes into view. It is wielding a +0 club.
The goblin hits you but does no damage.
You hit Robin.
Robin is lightly wounded.
Robin completely misses you. You block the goblin's attack.
The goblin hits you with a +0 club.
You slash Robin!
Robin is severely wounded.
Robin hits you with a +2 whip of freezing!
* * * LOW HITPOINT WARNING * * *
Robin freezes you.
* * * LOW HITPOINT WARNING * * *
The goblin completely misses you. The goblin hits you with a +0 club.
* * * LOW HITPOINT WARNING * * *
Robin roars a battlecry!
The goblins go into a battle-frenzy!
The goblin hits you with a +0 dagger.
* * * LOW HITPOINT WARNING * * *
The goblin hits you with a +0 club.
* * * LOW HITPOINT WARNING * * *
You barely miss the goblin.
Robin roars a battlecry!
You block the goblin's attack. The goblin hits you with a +0 club.
* * * LOW HITPOINT WARNING * * *
A hobgoblin comes into view.
As you read the scroll labelled XUHEIME KUTIP, it crumbles to dust.
You feel aware of your surroundings.
It was a scroll of magic mapping.
Robin roars a battlecry!
You block the goblin's attack. The goblin hits you but does no damage.
As you read the scroll labelled OJUPPUPOBBAB, it crumbles to dust.
It is a scroll of amnesia.
You feel forgetful for a moment. You block Robin's attack.
You block the goblin's attack. The goblin completely misses you.
You riposte.
You slash the goblin!
You kill the goblin!
There is a stone staircase leading up here.
You see here a +0 club.
Robin hits you with a +2 whip of freezing.
You die...

***,*** *,*,*
#...,,* *,*,*
##...,,**** *,*,*
*....,,,,,* *,*,*
*,...,,**,* *,*,*
*,,..,,**,* *,,,,
*,*#.****,* **,,,,
*,*#.####,* *,,,,*
*,*#.@gg#,* *,,***
*,*####g#,* *,,,,,
*,* **,...* *,****
*>***,*.#g#* *,*
*,**,**.#..# *,*
*,,,,<,..,.# *,*
****,**.#*,#*****,*
**,*..,,,,,,,,,*
**,,,*******,,*


You could see Robin and 3 goblins.

Vanquished Creatures
  An adder (D:2)
  4 worms (D:2)
  A dart slug (D:2)
  10 endoplasms
  10 goblins
  6 hobgoblins
  6 jackals
  3 quokkas
  5 ball pythons
  6 bats
  A frilled lizard (D:1)
  7 kobolds
  A rat (D:2)
61 creatures vanquished.

Vanquished Creatures (others)
  5 toadstools (D:1)
5 creatures vanquished.

Grand Total: 66 creatures vanquished

Notes
Turn   | Place    | Note
-------+----------+-------------------------------------------
     0 | D:1      | cganya the Demigod Fighter began the quest for the Orb.
     0 | D:1      | Reached XP level 1. HP: 18/18 MP: 3/3
   252 | D:1      | Reached XP level 2. HP: 26/26 MP: 4/4
   948 | D:1      | Reached XP level 3. HP: 30/31 MP: 5/5
  2156 | D:2      | Found Cuitoaf's Jewellery Boutique.
  2245 | D:2      | Reached XP level 4. HP: 38/38 MP: 6/6
  2923 | D:3      | Noticed Robin
  2933 | D:3      | Slain by Robin

Illustrated notes

Levels and vault maps discovered:
D:1:      ldierk_walled_garden, layout_loops_ring,
          ebering_ecumenical_altar_petrified
D:2:      kennysheep_six_static_rooms, layout_basic, serial_shops,
          nicolae_shop_trees
D:3:      layout_loops_ring, uniq_robin

Skill      XL: |  1  2  3 |
---------------+----------+-----
Long Blades    | 2 3 |  3.6
Fighting       | 3 |  3.0
Armour         | 3 |  3.0
Shields        | 3 |  3.0

Action                   |  1- 3 |  4- 6 || total
-------------------------+-------+-------++-------
Melee: Long sword        |   150 |    22 ||   172
Throw: Stone             |    23 |       ||    23
  Use: Scroll            |       |     3 ||     3
       Potion            |       |     1 ||     1
Armor: Scale mail        |    23 |       ||    23
       Ring mail         |    56 |    15 ||    71
Dodge: Dodged            |    62 |     5 ||    67
Block: Kite shield       |    73 |    16 ||    89
       Rpst.: Long sword |    18 |     2 ||    20

Table legend: (Time is in decaauts)
 A = Elapsed time spent in this place.
 B = Non-inter-level travel time spent in this place.
 C = Inter-level travel time spent in this place.
 D = Time resting spent in this place.
 E = Time spent auto-exploring this place.
 F = Levels seen in this place.
 G = Mean time per level.
                   A        B        C        D        E       F      G
               +--------+--------+--------+--------+--------+-----+--------+
         Total |   3032 |   2989 |     43 |    724 |   1555 |   3 | 1010.7 |
       Dungeon |   3032 |   2989 |     43 |    724 |   1555 |   3 | 1010.7 |
               +--------+--------+--------+--------+--------+-----+--------+

Top non-repeatable levels by time:
     D:2: 1668 daAuts
     D:1: 1347 daAuts
     D:3: 15 daAuts
